 Dungeon Crawl Stone Soup version 0.30.0-17-ge0270778cf (webtiles) character file.

Game seed: 8948021119597982005

472 SnakkuSnakku7 the Poker (level 6, 0/53 HPs)
             Began as an Armataur Artificer on May 21, 2023.
             Was an Initiate of Gozag.
             Slain by a water moccasin zombie (4 damage)
             ... on level 4 of the Dungeon.
             The game lasted 00:04:08 (3294 turns).

SnakkuSnakku7 the Poker (Armataur Artificer)        Turns: 3294, Time: 00:04:09

Health: 0/53       AC:  8    Str: 19    XL:     6   Next: 83%
Magic:  6/6        EV:  6    Int: 12    God:    Gozag
Gold:   217        SH:  0    Dex: 10    Spells: 5/5 levels left

rFire   . . .        o - +0 trident (protect)
rCold   . . .        (no shield)
rNeg    . . .        m - +0 chain mail
rPois   .            y - +0 helmet
rElec   .            (no cloak)
rCorr   .            (no gloves)
SInv    .            (no barding)
Will    .....        (no amulet) Stlth
                     (no ring)
HPRegen 0.28/turn    (no ring)
MPRegen 0.10/turn

%: roll
@: gold aura, flying, slowed, very slow
A: large, rugged brown scales 3, deformed body, armoured tail, roll, long
tongue, awkward tongue
a: Renounce Religion, Potion Petition, Call Merchant, Bribe Branch


You were on level 4 of the Dungeon.
You worshipped Gozag.
Gozag was aware of your devotion.
You visited 2 branches of the dungeon, and saw 5 of its levels.

You collected 286 gold pieces.
You paid 69 gold pieces to Gozag.

Inventory:

Hand Weapons
 a - a +0 club
 o - a +0 trident of protection (weapon)
Missiles
 u - 11 poisoned darts
 v - 4 curare-tipped darts
Armour
 b - a +0 leather armour
 m - a +0 chain mail (worn)
 y - a +0 helmet (worn)
Jewellery
 p - a ring of poison resistance
Wands
 c - a wand of flame (10) (quivered)
 d - a wand of charming (15)
 z - a wand of roots (10)
Scrolls
 f - 2 scrolls of fog {unknown}
 g - 5 scrolls of identify {unknown}
 h - a scroll of summoning {unknown}
 i - a scroll of magic mapping {unknown}
 j - 2 scrolls of blinking {unknown}
 q - 4 scrolls of teleportation {unknown}
 s - a scroll of brand weapon {unknown}
 x - a scroll of immolation {unknown}
 A - a scroll of enchant weapon {unknown}
Potions
 k - a potion of mutation {unknown}
 l - a potion of heal wounds {unknown}
 n - a potion of flight
 r - a potion of might {unknown}
 t - 3 potions of curing {unknown}
 w - a potion of haste {unknown}
 B - a potion of resistance {unknown}


   Skills:
 - Level 2.7 Fighting
 + Level 5.3 Polearms
 - Level 2.4 Armour
 - Level 0.6 Dodging
 - Level 1.1 Stealth
 - Level 3.0 Evocations


You had 5 spell levels left.
You didn't know any spells.
Your spell library was empty.

Dungeon Overview and Level Annotations

Branches:
Dungeon (4/15)             Temple (1/1) D:4

Altars:
Cheibriados
Fedhas
Gozag
Makhleb
Okawaru
Uskayaw
Xom

Annotations:
D:4 1 transporter


Innate Abilities, Weirdness & Mutations

You are completely covered in rugged brown scales. (AC +3, +7% HP)
Armour fits poorly on your strangely shaped body.
You have a long armoured tail.
You roll when moving toward enemies. (Rampage)
Your long tongue fully drains potion bottles. (2x potion effects)
Your tongue gives you trouble enunciating. (1.5x scroll delay)


Message History

SleepySteel's ghost hits you.
* * * LOW HITPOINT WARNING * * *
SleepySteel's ghost freezes you.
* * * LOW HITPOINT WARNING * * *
Unknown command.
Aiming: Throw Flame
Press: ? - help, Shift-Dir - straight line, f - SleepySteel's ghost
Aim: SleepySteel's ghost, wielding a weapon of freezing (severely damaged, 71% to hit)
The puff of flame hits SleepySteel's ghost.
SleepySteel's ghost is almost destroyed.
SleepySteel's ghost barely misses you.
The water moccasin zombie barely misses you.
Unknown command.
Okay, then.
Aiming: Throw Flame
Press: ? - help, Q - select action, (/) - cycle Shift-Dir - straight line, f/p - SleepySteel's ghost
Aim: SleepySteel's ghost, wielding a weapon of freezing (almost destroyed, 71% to hit)
The puff of flame hits SleepySteel's ghost!
SleepySteel's ghost is almost destroyed.
The water moccasin zombie bites you.
* * * LOW HITPOINT WARNING * * *
SleepySteel's ghost barely misses you.
The water moccasin zombie barely misses you.
SleepySteel's ghost gestures at you while chanting.
You feel as though you will be slow longer.
Aiming: Throw Flame
Press: ? - help, Q - select action, (/) - cycle Shift-Dir - straight line, f/p - SleepySteel's ghost
Aim: SleepySteel's ghost, wielding a weapon of freezing (almost destroyed, 71% to hit)
The puff of flame hits SleepySteel's ghost.
You destroy SleepySteel's ghost!
The water moccasin zombie bites you but does no damage.
The centaur zombie hits you but does no damage.
The centaur zombie completely misses you.
The water moccasin zombie bites you.
* * * LOW HITPOINT WARNING * * *
Your Polearms skill increases to level 5!
The water moccasin zombie attacks as you move away!
The water moccasin zombie bites you.
You die...
Your body crumbles into a pile of gold.

#.##.#...#############..#
#.##.#...#...........#..#
######.##.#...#.....:.....#..#
....##.##.#...#..##...##..#..#
....##.##.#...#..#8...8#..#..#
....##.##.#...#..##...##..#..#
....##........#.....©.....#..#
....##..##....#ZZ##...##..#..#
......>###....#.@#8...8#..#..#
###...........#..##...##..#..#
# #......)....#...........#..#
# #.....))....#....$()...©#..#
# #.....))....#############..#
# #.................©........#
# #........#.................#
# #........####.......########
# #........# #.......#


You could see a water moccasin zombie and a centaur zombie.

Vanquished Creatures
  An acid dragon (D:4)
  The ghost of SleepySteel the Trooper, an amateur OgHs (D:4)
  A jelly (D:4)
  3 orc priests
  9 adders
  2 worms (D:2)
  6 orcs
  A ball python (D:3)
  9 endoplasms
  2 giant cockroaches
  5 goblins
  3 hobgoblins (D:2)
  2 jackals (D:4)
  8 kobolds
  4 quokkas
  A bat (D:3)
  2 frilled lizards
  5 rats
65 creatures vanquished.

Notes
Turn   | Place    | Note
-------+----------+-------------------------------------------
     0 | D:1      | SnakkuSnakku7 the Armataur Artificer began the quest for
                  | the Orb.
     0 | D:1      | Reached XP level 1. HP: 16/16 MP: 1/1
    72 | D:1      | Reached skill level 1 in Fighting
   245 | D:1      | You fall into a shaft and drop 1 floor!
   881 | D:2      | Reached XP level 2. HP: 25/25 MP: 2/2
   995 | D:2      | Reached XP level 3. HP: 26/32 MP: 3/3
  1268 | D:2      | Reached skill level 1 in Polearms
  1454 | D:2      | Found a faded altar of an unknown god.
  1806 | D:3      | Reached XP level 4. HP: 37/39 MP: 4/4
  1861 | D:3      | Reached skill level 2 in Polearms
  1912 | D:3      | Reached skill level 3 in Polearms
  1912 | D:3      | Reached XP level 5. HP: 29/44 MP: 5/5
  2303 | D:4      | Noticed an acid dragon
  2305 | D:4      | Killed an acid dragon
  2306 | D:4      | Reached skill level 4 in Polearms
  2306 | D:4      | Reached XP level 6. HP: 53/53 MP: 6/6
  2617 | D:4      | Found a staircase to the Ecumenical Temple.
  2631 | Temple   | Entered the Ecumenical Temple
  2669 | Temple   | Became a worshipper of Gozag Ym Sagoz the Greedy
  2797 | D:4      | Found a transporter.
  2798 | D:4      | Noticed SleepySteel's ghost (amateur OgHs)
  2823 | D:4      | Found a transporter.
  3293 | D:4      | Killed SleepySteel's ghost
  3294 | D:4      | Reached skill level 5 in Polearms
  3294 | D:4      | Slain by a water moccasin zombie

Illustrated notes

Levels and vault maps discovered:
D:1:      onia_arrival_mini_maze, layout_basic, minmay_misc_feat_alley,
          columned_hall_lemuel
D:2:      layout_basic, shapermc_ecumenical_altar_mp_vishouse
D:3:      layout_loops_ring, chequers_serial_rivers_micro_a
D:4:      layout_basic, minmay_temple_entry_gardened_gates,
          gammafunk_ghost_mausoleum, serial_bayou_lagoon_a
Temple:   bh_familiar_temple

Skill      XL: |  1  2  3  4  5  6 |
---------------+-------------------+-----
Fighting       | 1 2 |  2.7
Polearms       | 1 3 4 5 |  5.3
Armour         | |  2.4
Dodging        | |  0.6
Stealth        | |  1.1
Evocations     | |  3.0

Action                     |  1- 3 |  4- 6 || total
---------------------------+-------+-------++-------
  Melee: Club              |    16 |       ||    16
         Tailslap          |    10 |     9 ||    19
         Trident           |    91 |   108 ||   199
         Punch             |     1 |       ||     1
  Evoke: Wand              |     2 |     8 ||    10
    Use: Potion            |       |     1 ||     1
   Stab: Distracted        |       |     1 ||     1
 Armour: Leather armour    |     4 |       ||     4
         Chain mail        |    57 |    71 ||   128
  Dodge: Dodged            |    26 |    45 ||    71
